 Dungeon Crawl Stone Soup version 0.18-a0-1044-g2bb894f (webtiles) character file.

895 Kristof the Chopper (level 7, -2/91 HPs)
             Began as a Minotaur Fighter on Jan 11, 2016.
             Slain by a deep elf knight
             ... wielding a +0 long sword
              (19 damage)
             ... on level 6 of the Dungeon.
             The game lasted 00:11:19 (4994 turns).

Kristof the Chopper (Minotaur Fighter)              Turns: 4994, Time: 00:11:19

Health: -2/91      AC:  7    Str: 27    XL:     7   Next: 78%
Magic:  9/9        EV:  9    Int:  5    God:
Gold:   225        SH: 11    Dex: 10    Spells: 0 memorised, 11 levels left

rFire  + . .     SeeInvis .     a - +1 war axe
rCold  . . .     Gourm    .     b - +0 scale mail
rNeg   + . .     Faith    .     c - +1 shield
rPois  .         Spirit   .     (helmet restricted)
rElec  .         Dismiss  .     (no cloak)
rCorr  .         Reflect  .     (no gloves)
SustAt .         Harm     .     (no boots)
MR     .....                    (no amulet)
Stlth  ..........               e - ring of protection from fire
                                i - ring of positive energy

@: berserking, very quick, not resistant to hostile enchantments, extremely
unstealthy
A: retaliatory headbutt, horns 2
a: no special abilities


You were on level 6 of the Dungeon.
You were not hungry.

You visited 1 branch of the dungeon, and saw 6 of its levels.

You collected 225 gold pieces.

Inventory:

Hand Weapons
 a - a +1 war axe (weapon)
 p - a cursed -2 mace
Armour
 b - a +0 scale mail (worn)
 c - a +1 shield (worn)
Jewellery
 e - a ring of protection from fire (right hand)
 i - a ring of positive energy (left hand)
 l - an uncursed ring of resist corrosion
Wands
 j - a wand of slowing (23/48)
Scrolls
 k - a scroll of enchant armour
 o - 4 scrolls of identify
 q - a scroll of remove curse
 r - 3 scrolls of recharging
 t - a scroll of teleportation
Potions
 d - a potion of might
 n - a potion of curing
Comestibles
 f - 3 bread rations
 h - a slice of pizza
 m - 8 fruits
 s - 2 chunks of flesh
 u - a meat ration


   Skills:
 + Level 5.1 Fighting
 * Level 5.9 Axes
 + Level 5.2 Armour
 + Level 3.1 Dodging
 + Level 5.2 Shields
 * Level 2.6 Spellcasting


You had 11 spell levels left.
You didn't know any spells.

Dungeon Overview and Level Annotations

Branches:
Dungeon (6/15)
 Temple: D:4-7

Altars:
Cheibriados
Fedhas
Makhleb
Nemelex Xobeh
Zin
The Shining One

Annotations:
D:6 Eustachio


Innate Abilities, Weirdness & Mutations

You reflexively headbutt those who attack you in melee.
You have a pair of horns on your head.


Message History

The deep elf knight flickers and vanishes!
Deactivating autopickup; reactivate with Ctrl-A.
You hear some strange, mumbled words.
A shard of ice appears from out of thin air!
You block the shard of ice. You block the gnoll sergeant's attack.
Your shield and scale mail prevent you from hitting something.
You closely miss something.
You hear some strange, mumbled words.
A shard of ice appears from out of thin air!
The shard of ice hits you!
The gnoll sergeant hits you from afar with a trident.
Something hits you!
Eustachio the Magnificent comes into view.
He is wielding a falchion.
You miss something.
Eustachio shouts!
You slash something! Something hits you!
* * * LOW HITPOINT WARNING * * *
The gnoll sergeant closely misses you. You block the gnoll sergeant's attack.
You block its attack. Something hits you!!
You die...

### .# # ..########.#.#
..........>..#
...##......####
##.##.#..####.#
#.##.#....##.####
#.##.#.##..#....#
#.##..<....#.##.#######
#.#######......@{.)....
#.### #.....##{...###
#...# #......lgg.....
#...# #.....##.......
#...# #.....# ..###@.
#...# #....## ..#^#?.
#...########## ..###..
#.#......# .... ..
#.#......#


You could see Eustachio and 2 gnoll sergeants.

Vanquished Creatures
  The ghost of FIQ the Poker, an amateur MfWn (D:3)
  A phantom (D:4)
  Blork the orc (D:6)
  2 scorpions
  A crimson imp (D:6)
  2 hounds
  A jelly (D:5)
  4 orc priests
  An iguana (D:4)
  3 gnolls (D:3)
  13 adders
  3 giant geckos
  6 orcs
  9 bats
  6 giant cockroaches
  5 goblins
  5 hobgoblins
  8 jackals
  6 kobolds
  A quokka (D:6)
  A ball python (D:3)
  3 giant newts
  5 rats
88 creatures vanquished.

Vanquished Creatures (others)
  An orc wizard (D:5)
1 creature vanquished.

Grand Total: 89 creatures vanquished

Notes
Turn   | Place    | Note
--------------------------------------------------------------
     0 | D:1      | Kristof the Minotaur Fighter began the quest for the Orb.
     0 | D:1      | Reached XP level 1. HP: 19/19 MP: 0/0
   194 | D:1      | Reached XP level 2. HP: 23/26 MP: 1/1
   930 | D:2      | Reached skill level 4 in Armour
   930 | D:2      | Reached XP level 3. HP: 33/33 MP: 2/2
  1076 | D:2      | Found a sparkling altar of Nemelex Xobeh.
  1958 | D:3      | Noticed FIQ's ghost (amateur MfWn)
  1973 | D:3      | Killed FIQ's ghost
  1973 | D:3      | Reached skill level 1 in Dodging
  1973 | D:3      | Reached skill level 1 in Spellcasting
  1973 | D:3      | Reached XP level 4. HP: 9/40 MP: 3/5
  1973 | D:3      | Reached XP level 5. HP: 10/46 MP: 3/6
  2507 | D:3      | Reached XP level 6. HP: 35/52 MP: 7/7
  3138 | D:3      | Found a snail-covered altar of Cheibriados.
  3806 | D:4      | Reached skill level 5 in Axes
  3806 | D:4      | Reached skill level 5 in Armour
  3806 | D:4      | Reached XP level 7. HP: 54/60 MP: 7/9
  3856 | D:4      | Found a burning altar of Makhleb.
  3857 | D:4      | Found a glowing golden altar of the Shining One.
  4124 | D:5      | Entered Level 5 of the Dungeon
  4170 | D:5      | Reached skill level 5 in Shields
  4193 | D:5      | Found a glowing silver altar of Zin.
  4278 | D:5      | Reached skill level 5 in Fighting
  4558 | D:5      | Found a blossoming altar of Fedhas.
  4692 | D:5      | Found a sparkling altar of Nemelex Xobeh.
  4982 | D:6      | Noticed Blork the orc
  4983 | D:6      | Noticed a deep elf knight
  4984 | D:6      | Noticed a deep elf knight
  4989 | D:6      | Killed Blork the orc
  4994 | D:6      | Noticed Eustachio
  4994 | D:6      | Slain by a deep elf knight

Vault maps used:
D:1:      sevenhm_arrival_forest_fort_large_4, minivault_27
D:2:      nemelex_spade_bored_becter
D:3:      cheibriados_altar_wand_db
D:4:      gammafunk_temple_overflow_statue
D:5:      fedhas_altar_fruit_tree, lemuel_doored_altar, first_bread,
          nemelex_diamond_rough_becter
D:6:      minmay_fountain_box, sword_in_stone, uniq_blork_the_orc

Action                   |  1- 3 |  4- 6 |  7- 9 || total
-------------------------+-------+-------+-------++-------
Melee: War axe           |    86 |    84 |    63 ||   233
  Use: Scroll            |     7 |     4 |       ||    11
       Potion            |       |     3 |     1 ||     4
  Eat: Chunk             |     3 |     6 |     4 ||    13
